 Dungeon Crawl Stone Soup version 0.32-a0-666-ge8a88695a4 (webtiles) character file.

Game seed: 12481577284436595280

1263 cforsyth the Reanimator (level 8, -11/73 HPs)
             Began as a Mountain Dwarf Necromancer on Mar 9, 2024.
             Mangled by a gnoll
             ... wielding a +0 heavy halberd
             ... led by a gnoll sergeant
              (17 damage)
             ... on level 6 of the Dungeon.
             The game lasted 00:10:51 (7481 turns).

cforsyth the Reanimator (MDNe)                      Turns: 7481, Time: 00:10:52

Health: -11/73     AC:  6    Str: 13      XL:     8   Next: 27%
Magic:  4/10       EV:  9    Int: 25      God:
Gold:   489        SH:  5    Dex:  9 (10) Spells: 5/10 levels left

rFire   . . .        v - +1 dagger (venom)
rCold   . . .        (no shield)
rNeg    . . .        r - +0 scale mail
rPois   .            (no helmet)
rElec   .            (no cloak)
rCorr   +            (no gloves)
SInv    .            (no boots)
Will    +....        e - amulet of Jikir {Reflect Will+ Int+3 Slay+3 SH+5} Stlth
                     R - ring of resist corrosion
HPRegen 0.32/turn    I - +6 ring of intelligence
MPRegen 0.12/turn

%: reflection
@: no status effects
A: runic magic, artefact enchanting
a: no special abilities


You were on level 6 of the Dungeon.
You visited 1 branch of the dungeon, and saw 6 of its levels.
You also visited: Sewer.

You collected 489 gold pieces.


Innate Abilities, Weirdness & Mutations

Your spellcasting is much less encumbered by armour.
You can use scrolls of enchantment on lesser artefacts.


   Skills:
 + Level 7.5 Fighting
 + Level 0.9 Axes
 + Level 0.8 Armour
 - Level 1.3 Dodging
 - Level 1.4 Stealth
 - Level 1.7 Spellcasting
 + Level 8.9 Necromancy


You had 5 spell levels left.
You knew the following spells:

 Your Spells              Type           Power      Damage    Failure   Level
a - Animate Dead          Necr           46%        N/A       4%          4
X - Necrotise             Necr           100%       1d9       1%          1

Your spell library contained the following spells:

 Spells                   Type           Power      Damage    Failure   Level
 Vampiric Draining        Necr           46%        2d9       1%          3
 Cigotuvi's Dreadful Rot  Necr/Alch/Air  34%        N/A       8%          2
 Curse of Agony           Necr           46%        N/A       12%         5
 Freeze                   Ice            8%         1d3       17%         1
 Jinxbite                 Hex            4%         N/A       26%         2
 Frozen Ramparts          Ice            4%         1d1       45%         3
 Hailstorm                Conj/Ice       2%         3d5       45%         3
 Ignite Poison            Fire/Alch      2%         N/A       86%         4
 Freezing Cloud           Conj/Ice/Air   1%         6-21      99%         5
 Yara's Violent Unravell  Hex/Alch       1%         3d3       99%         5
 Enfeeble                 Hex            1%         N/A       100%        7

Inventory:

Hand Weapons
 f - a +0 dagger of protection
 i - a +0 dagger of venom
 v - a +1 dagger of venom (weapon)
Armour
 r - a +0 scale mail (worn)
Jewellery
 e - the amulet of Jikir (around neck) {Reflect Will+ Int+3 Slay+3 SH+5}
   (You found it on level 4 of the Dungeon)

   [amulet of reflection]

   Reflect:   It reflects blocked missile attacks.
   Int+3:     It affects your intelligence (+3).
   Slay+3:    It affects your accuracy & damage with ranged weapons and melee
   (+3).
   Will+:     It increases your willpower.
   SH+5:      It affects your SH (+5).
 I - a +6 ring of intelligence (right hand)
 N - a ring of positive energy
 R - a ring of resist corrosion (left hand)
Wands
 o - a wand of flame (10)
 s - a wand of polymorph (10)
 x - a wand of digging (6)
Scrolls
 d - a scroll of revelation
 g - 2 scrolls of poison {unknown}
 j - 2 scrolls of vulnerability
 l - a scroll of immolation
 p - 2 scrolls of identify {@r1}
 t - a scroll of teleportation {@r2}
 y - a scroll of blinking {unknown}
Potions
 a - a potion of might {unknown}
 b - a potion of magic
 c - a potion of enlightenment
 h - 2 potions of haste {@q3}
 k - 3 potions of mutation
 m - a potion of brilliance
 n - a potion of curing {unknown}
 q - a potion of degeneration
 u - a potion of heal wounds {unknown}
 w - 3 potions of invisibility {unknown}

Dungeon Overview and Level Annotations

Branches:
Dungeon (6/15)              Sewer (visited)
 Temple: D:4-7

Altars:
Ashenzari
Cheibriados
Elyvilon
Fedhas
Nemelex Xobeh
Okawaru
Ru
Yredelemnul
The Shining One

Annotations:
D:2 Terence
D:6 3 runed translucent doors, pokeman's ghost, novice DEHW

##.# # #.#### # #.#..## #
##.....## #.##....# #####
##.##....# ##...## #..####.##
##.....## ##.## ### ##.......#
###@.g## #........####.g##g.##
#..................g###
##....................## #
####..▒▒▒▒▒▒▒▒▒.......### ##
#..▒....YWS▒.....##..###
.#####..▒..###.{▒....#####g.###
# ..##....▒..# #.l+...##
###..### .....#..▒.!.....+..##
###...


You could see an ice beast, a gnoll sergeant and 3 gnolls.


Message History

You can't see any susceptible monsters within range! (Use Z to cast anyway.)
You can't see any susceptible monsters within range! (Use Z to cast anyway.)
You can't see any susceptible monsters within range! (Use Z to cast anyway.) Unknown command.
You start resting.
Magic restored.
You can't go up here!
You climb downwards.
Your mindless puppet stays behind to rot.
Level annotation: 3 runed translucent doors, pokeman's ghost, novice DEHW
There is a stone staircase leading up here.
The orc wizard writhes in agony.
The gnoll writhes in agony.
The gnoll writhes in agony.
The gnoll hits you from afar with a +0 heavy halberd!
The gnoll barely resists.
The gnoll hits you from afar with a +0 heavy halberd!!
The gnoll writhes in agony.
The gnoll writhes in agony!
The gnoll hits you from afar with a +0 heavy halberd!
* * * LOW HITPOINT WARNING * * *
The gnoll sergeant hits you but does no damage.
The gnoll hits you with a +0 flail!
* * * LOW HITPOINT WARNING * * *
The gnoll sergeant hits you from afar with a +0 trident!
* * * LOW HITPOINT WARNING * * *
The gnoll hits you with a +0 flail.
* * * LOW HITPOINT WARNING * * *
The gnoll hits you from afar with a +0 heavy halberd!
You die...

Skill      XL: |  1  2  3  4  5  6  7 |
---------------+----------------------+-----
Fighting       | 1 2 3 4 5 7 |  7.5
Necromancy     | 5 6 7 8 |  8.9
Axes           | |  0.9
Armour         | |  0.8
Dodging        | |  1.3
Stealth        | |  1.4
Spellcasting   | |  1.7

Action                     |  1- 3 |  4- 6 |  7- 9 || total
---------------------------+-------+-------+-------++-------
  Melee: Dagger            |    41 |    84 |    71 ||   196
         Unarmed           |     4 |       |       ||     4
   Cast: Necrotise         |    72 |    46 |    31 ||   149
         Animate Dead      |       |       |     1 ||     1
    Use: Scroll            |       |    10 |       ||    10
         Potion            |       |       |     1 ||     1
 Armour: Robe              |    34 |    23 |       ||    57
         Ring mail         |       |    44 |       ||    44
         Scale mail        |       |       |    58 ||    58
  Dodge: Dodged            |    28 |    51 |    18 ||    97
  Block: Other             |       |    25 |    17 ||    42

Levels and vault maps discovered:
D:1:      lemuel_arrival_lava_pool, layout_basic
D:2:      layout_loops_corners, uniq_terence, uniq_natasha
D:3:      layout_loops_corners, nicolae_overflow_hidden_temple,
          kennysheep_generic_room_8
D:4:      layout_basic, amcnicky_altar_gilded, nicolae_tso_besieged_by_evil,
          nemelex_diamond_rough_becter, gup_sewer_entry_glass, nicolae_titane
D:5:      layout_cave_pools, lemuel_tele_altar, lemuel_round_altar,
          fedhas_altar_4, cheibrodos_ashenzari_chains, chei_slow_surprise,
          minmay_between
D:6:      layout_cave_pods, overflow_temple_1_default,
          mainiacjoe_overflow_big_doors, gammafunk_ghost_split

Notes
Turn   | Place    | Note
-------+----------+-------------------------------------------
     0 | D:1      | cforsyth the Mountain Dwarf Necromancer began the quest for
                  | the Orb.
     0 | D:1      | Reached XP level 1. HP: 14/14 MP: 3/3
   306 | D:1      | Reached skill level 1 in Fighting
   403 | D:1      | Reached XP level 2. HP: 23/23 MP: 0/4
  1412 | D:2      | Reached skill level 2 in Fighting
  1412 | D:2      | Reached skill level 5 in Necromancy
  1412 | D:2      | Reached XP level 3. HP: 29/29 MP: 2/5
  1949 | D:2      | Noticed Terence
  2756 | D:3      | Reached XP level 4. HP: 34/37 MP: 0/6
  2995 | D:3      | Found a basalt altar of Yredelemnul.
  3040 | D:4      | Identified the amulet of Jikir {Reflect Will+ Int+3 Slay+3
                  | SH+5}
  3102 | D:4      | Found a glowing drain.
  3104 | D:4      | Reached skill level 3 in Fighting
  3135 | Sewer    | Entered a sewer
  3219 | Sewer    | Learned a level 4 spell: Animate Dead
  3224 | Sewer    | Noticed a brain worm
  3641 | Sewer    | Killed a brain worm
  3642 | Sewer    | Reached XP level 5. HP: 32/46 MP: 4/7
  3720 | Sewer    | Noticed Pargi
  3733 | Sewer    | Killed Pargi
  3734 | Sewer    | Reached skill level 4 in Fighting
  3734 | Sewer    | Reached skill level 6 in Necromancy
  4106 | D:4      | Found a glowing golden altar of the Shining One.
  4361 | D:4      | Reached XP level 6. HP: 53/53 MP: 2/8
  4648 | D:4      | Found a sparkling altar of Nemelex Xobeh.
  4860 | D:4      | Found an iron altar of Okawaru.
  5106 | D:5      | Entered Level 5 of the Dungeon
  5106 | D:5      | Noticed a yak
  5106 | D:5      | Noticed a yak
  5182 | D:5      | Noticed a yak
  5190 | D:4      | Reached skill level 5 in Fighting
  5319 | D:5      | Noticed a yak
  5341 | D:4      | Killed a yak
  5342 | D:4      | Reached skill level 7 in Necromancy
  5342 | D:4      | Reached XP level 7. HP: 25/62 MP: 6/9
  5565 | D:4      | Killed a yak
  5566 | D:4      | Reached skill level 6 in Fighting
  6013 | D:4      | Killed a yak
  6014 | D:4      | Reached skill level 8 in Necromancy
  6147 | D:5      | Killed a yak
  6148 | D:5      | Reached skill level 7 in Fighting
  6148 | D:5      | Reached XP level 8. HP: 26/73 MP: 6/10
  6559 | D:5      | Found a sacrificial altar of Ru.
  6727 | D:5      | Found a blossoming altar of Fedhas.
  6836 | D:5      | Found a broken altar of Ashenzari.
  6945 | D:5      | Found a white marble altar of Elyvilon.
  7043 | D:5      | Found a snail-covered altar of Cheibriados.
  7250 | D:6      | Noticed pokeman's ghost (novice DEHW)
  7277 | D:6      | Found a runed translucent gate.
  7277 | D:6      | Found a runed translucent gate.
  7278 | D:6      | Found a runed translucent gate.
  7481 | D:6      | HP: 6/73 [gnoll/+0 flail[a gnoll sergeant] (2)]
  7481 | D:6      | Mangled by a gnoll

Vanquished Creatures
  4 yaks
  Pargi (Sewer)
  A black bear (D:4)
  A brain worm (Sewer)
  2 scorpions (D:5)
  A jelly (D:5)
  An orc priest (D:5)
  2 iguanas
  4 adders
  6 gnolls
  2 white imps
  A ribbon worm (D:2)
  5 orcs
  8 bats
  5 endoplasms
  5 giant cockroaches
  11 goblins
  5 hobgoblins
  A kobold (D:3)
  3 quokkas
  6 ball pythons
  3 frilled lizards
  2 goblin skeletons (D:4)
  2 hobgoblin zombies (D:4)
  2 kobold skeletons (D:4)
  A kobold zombie (D:4)
  3 orc zombies (D:4)
  A rat (D:3)
89 creatures vanquished.

Vanquished Creatures (collateral kills)
  An iguana (D:5)
  An orc (D:5)
  A bat (Sewer)
3 creatures vanquished.

Vanquished Creatures (others)
  An orc zombie (D:5)
1 creature vanquished.

Grand Total: 93 creatures vanquished

Table legend: (Time is in decaauts)
 A = Elapsed time spent in this place.
 B = Non-inter-level travel time spent in this place.
 C = Inter-level travel time spent in this place.
 D = Time resting spent in this place.
 E = Time spent auto-exploring this place.
 F = Levels seen in this place.
 G = Mean time per level.
                   A        B        C        D        E       F      G
               +--------+--------+--------+--------+--------+-----+--------+
         Total |   7489 |   7137 |    352 |   1270 |   4592 |   7 | 1069.9 |
       Dungeon |   6720 |   6368 |    352 |    870 |   4312 |   6 | 1120.0 |
         Sewer |    768 |    768 |      0 |    400 |    280 |   1 |  768.0 |
               +--------+--------+--------+--------+--------+-----+--------+

Top non-repeatable levels by time:
     D:4: 1835 daAuts
     D:5: 1400 daAuts
     D:3: 1321 daAuts
     D:1: 1099 daAuts
     D:2: 874 daAuts
   Sewer: 768 daAuts
     D:6: 190 daAuts

Table legend:
 A = Non-vault XP
 B = Vault XP
 C = Vault XP percentage of total XP
 D = Non-vault monster count
 E = Vault monster count
 F = Vault count percentage of total count
                 A         B        C        D         E       F
            +---------+---------+-------+---------+---------+-------
      Total |    1433 |     372 |  20.6 |      65 |      27 |  29.3
            +---------+---------+-------+---------+---------+-------
        D:1 |      22 |       0 |   0.0 |      13 |       0 |   0.0
        D:2 |      36 |       0 |   0.0 |      11 |       0 |   0.0
        D:3 |      57 |       1 |   1.7 |      11 |       1 |   8.3
        D:4 |     812 |      26 |   3.1 |      13 |      14 |  51.9
        D:5 |     465 |     115 |  19.8 |      13 |       2 |  13.3
        D:6 |      41 |       0 |   0.0 |       4 |       0 |   0.0
      Sewer |       0 |     230 | 100.0 |       0 |      10 | 100.0
            +---------+---------+-------+---------+---------+-------
